 Dungeon Crawl Stone Soup version 0.30-a0-347-gf58ed5266c (webtiles) character file.

Game seed: 11880196805171214031

50 Lanoc the Ducker (level 3, -2/28 HPs)
             Began as a Demonspawn Gladiator on Nov 6, 2022.
             Slain by a hobgoblin (3 damage)
             ... led by Robin
             ... on level 2 of the Dungeon.
             The game lasted 00:01:49 (940 turns).

Lanoc the Ducker (Demonspawn Gladiator)              Turns: 940, Time: 00:01:50

Health: -2/28      AC:  3    Str: 14    XL:     3   Next: 55%
Magic:  3/3        EV: 12    Int:  9    God:
Gold:   48         SH:  0    Dex: 16    Spells: 2/2 levels left

rFire   . . .      SeeInvis .    a - +0 war axe
rCold   . . .      Faith    .    (no shield)
rNeg    . . .      Spirit   .    b - +0 leather armour
rPois   .          Reflect  .    c - +0 helmet
rElec   .          Harm     .    (no cloak)
rCorr   .          Rampage  .    (no gloves)
Will    .....                    (no boots)
Stlth   +.........               (no amulet)
HPRegen 0.24/turn                (no ring)
MPRegen 0.08/turn                (no ring)

@: lethally poisoned (-2 -> -6), attractive
A: claws 1, deformed body, shaggy fur 1, wild magic 1
a: no special abilities


You were on level 2 of the Dungeon.
You visited 1 branch of the dungeon, and saw 2 of its levels.

You collected 48 gold pieces.

Inventory:

Hand Weapons
 a - a +0 war axe (weapon)
Missiles
 d - 3 throwing nets (quivered)
 e - a javelin
Armour
 b - a +0 leather armour (worn)
 c - a +0 helmet (worn)
Scrolls
 f - a scroll of noise {unknown}
 g - a scroll of amnesia {unknown}
Potions
 h - a potion of attraction
 j - a potion of might {unknown}
 k - a potion of curing {unknown}


   Skills:
 + Level 2.5 Fighting
 - Level 2.8 Axes
 - Level 1.7 Throwing
 + Level 1.0 Armour
 + Level 3.1 Dodging
 * Level 1.2 Unarmed Combat


You had 2 spell levels left.
You didn't know any spells.
Your spell library was empty.

Dungeon Overview and Level Annotations

Branches:
Dungeon (2/15)

Altars:

Annotations:
D:2 Robin


Innate Abilities, Weirdness & Mutations

You have sharp fingernails.
Armour fits poorly on your strangely shaped body.
You are covered in fur. (AC +1)
Your spells are a little harder to cast, but a little more powerful.


Message History

The goblin hits you with a +0 dagger of venom.
You are poisoned.
The goblin hits you with a +0 dagger. x2; The hobgoblin closely misses you.
The goblin hits you but does no damage.
You are more poisoned.
You slash the goblin!
You kill the goblin!
You closely miss the hobgoblin. You barely miss the goblin.
You feel very sick. The hobgoblin completely misses you.
The goblin hits you with a +0 dagger.
You slash the goblin!
You kill the goblin!
You closely miss the hobgoblin. You closely miss the goblin.
You feel very sick. The hobgoblin barely misses you.
The goblin shouts!
You hit the goblin.
You kill the goblin!
You hit the hobgoblin.
* * * LOW HITPOINT WARNING * * *
You feel very sick. The hobgoblin closely misses you.
A goblin comes into view. It is wielding a +0 dagger.
Robin closely misses you. The hobgoblin hits you.
* * * LOW HITPOINT WARNING * * *
The hobgoblin closely misses you.
It was a potion of attraction.
You feel attractive to monsters.
* * * LOW HITPOINT WARNING * * *
You feel sick. The hobgoblin closely misses you. The hobgoblin hits you.
* * * LOW HITPOINT WARNING * * *
Robin hits you with a +0 whip.
* * * LOW HITPOINT WARNING * * *
The goblin is attracted toward you.
It was a potion of mutation.
You feel extremely strange.
Your body twists and deforms.
Fur sprouts all over your body.
You feel less in control of your magic.
* * * LOW HITPOINT WARNING * * *
You feel sick. The hobgoblin hits you.
You die...

##.....###..# #
####.......##..# #
..#............# #
..'.....)...+..# #
.#.........##.####+####
##.......###..........
##.....## ###..###...
##)..## ##..#..## ##@##
##...## #gggg.....#
##.## #g#g#####.# #.#
#ยง#g# #.# #


ggg #.# ... #.# ... #.# .#.#. #.# ..# You could see Robin, 2 hobgoblins and 7
goblins.

Vanquished Creatures
  An adder (D:2)
  3 bats
  An endoplasm (D:1)
  2 giant cockroaches (D:1)
  7 goblins
  A hobgoblin (D:2)
  2 jackals (D:2)
  2 quokkas (D:1)
  7 ball pythons
  4 frilled lizards
  6 kobolds
  2 rats (D:1)
38 creatures vanquished.

Notes
Turn   | Place    | Note
-------+----------+-------------------------------------------
     0 | D:1      | Lanoc the Demonspawn Gladiator began the quest for the Orb.
     0 | D:1      | Reached XP level 1. HP: 16/16 MP: 1/1
   156 | D:1      | Gained mutation: You have sharp fingernails. [demonic
                  | ancestry]
   156 | D:1      | Reached XP level 2. HP: 22/22 MP: 2/2
   376 | D:1      | Reached skill level 3 in Dodging
   574 | D:2      | Reached XP level 3. HP: 28/28 MP: 3/3
   599 | D:2      | Reached skill level 1 in Unarmed Combat
   901 | D:2      | Reached skill level 1 in Armour
   933 | D:2      | Noticed Robin
   939 | D:2      | HP: 1/28 [Robin/+0 whip (2)]
   940 | D:2      | Gained mutation: Armour fits poorly on your strangely
                  | shaped body. [potion of mutation]
   940 | D:2      | Gained mutation: You are covered in fur. (AC +1) [potion of
                  | mutation]
   940 | D:2      | Gained mutation: Your spells are a little harder to cast,
                  | but a little more powerful. [potion of mutation]
   940 | D:2      | Slain by a hobgoblin

Illustrated notes

Levels and vault maps discovered:
D:1:      mrwooster_arrival_statue_2, layout_rooms
D:2:      layout_loops_corners, hellmonk_ecumenical_altar_inner_sanctum,
          uniq_robin

Skill      XL: |  1  2  3 |
---------------+----------+-----
Dodging        | 3 |  3.1
Unarmed Combat | 1 |  1.2
Armour         | 1 |  1.0
Fighting       | |  2.5
Axes           | |  2.8
Throwing       | |  1.7

Action                   || total
-------------------------++-------
Melee: War axe           ||   105
       Punch             ||     1
  Use: Potion            ||     2
 Stab: Sleeping          ||     1
Armor: Leather armour    ||    28
Dodge: Dodged            ||    84

Table legend: (Time is in decaauts)
 A = Elapsed time spent in this place.
 B = Non-inter-level travel time spent in this place.
 C = Inter-level travel time spent in this place.
 D = Time resting spent in this place.
 E = Time spent auto-exploring this place.
 F = Levels seen in this place.
 G = Mean time per level.
                   A        B        C        D        E       F      G
               +--------+--------+--------+--------+--------+-----+--------+
         Total |    977 |    965 |     12 |      0 |    719 |   2 |  488.5 |
       Dungeon |    977 |    965 |     12 |      0 |    719 |   2 |  488.5 |
               +--------+--------+--------+--------+--------+-----+--------+

Top non-repeatable levels by time:
     D:2: 505 daAuts
     D:1: 472 daAuts
